 Seeded DCSS version 0.29-a0-582-ge82337ba6a (webtiles) character file.

Game seed: 10421838384131710688 (custom seed)

179012 zeratav the Spry (level 18, -5/107 HPs)
             Began as a Kobold Monk on June 14, 2022.
             Was the Champion of Wu Jian.
             Slain by a black mamba (14 damage)
             ... on level 2 of the Snake Pit.
             The game lasted 01:39:58 (32573 turns).

zeratav the Spry (Kobold Monk)                     Turns: 32573, Time: 01:39:58

Health: -5/107     AC: 21    Str: 13    XL:     18   Next: 52%
Magic:  18/18      EV: 26    Int: 12    God:    Wu Jian [******]
Gold:   3143       SH:  7    Dex: 24    Spells: 17/17 levels left

rFire   . . .      SeeInvis .   k - +9 quick blade "Qufainno" {vamp, rN+ Str+4, shortrare=g}
rCold   + + +      Faith    .   z - +0 buckler {AC+3}
rNeg    + . .      Spirit   .   y - +0 ice dragon scales
rPois   .          Reflect  .   r - +2 hat
rElec   .          Harm     .   m - scarf {rC+ rF+}
rCorr   .          Rampage  .   C - +1 pair of gloves {Stlth+}
Will    ++...                   o - +0 pair of boots
Stlth   +++++.....              T - amulet of the acrobat
HPRegen 0.27/turn               s - ring of willpower
MPRegen 0.16/turn               U - +4 ring of evasion

@: lethally poisoned (-5 -> -13), about to teleport, constricted
A: small, no large weapons, nightstalker 3, frail 1
}: 1/15 runes: barnacled
a: Renounce Religion, Wall Jump, Serpent's Lash, Heavenly Storm


You were on level 2 of the Snake Pit.
You worshipped Wu Jian.
Wu Jian was exalted by your worship.
You visited 7 branches of the dungeon, and saw 28 of its levels.
You also visited: Bailey, Ice Cave and Volcano.

You collected 4931 gold pieces.
You spent 1788 gold pieces at shops.


Innate Abilities, Weirdness & Mutations

You are small and have problems with some larger weapons.
You are completely attuned to the shadows.
You are frail. (-10% HP)


   Skills:
 - Level 15.0 Fighting
 - Level 8.0(8.6) Short Blades
 - Level 3.0(4.4) Long Blades
 - Level 10.0 Armour
 - Level 20.0 Dodging
 - Level 10.0 Stealth
 + Level 5.1 Shields
 + Level 8.8 Summonings
 + Level 8.8 Translocations
 - Level 2.8 Transmutations
 - Level 2.8 Air Magic
 - Level 15.0 Evocations


You had 17 spell levels left.
You didn't know any spells.
Your spell library contained the following spells:

 Spells                   Type           Power      Damage    Failure   Level
 Call Canine Familiar     Summ           21%        N/A       17%         3
 Passage of Golubria      Tloc           21%        N/A       52%         4
 Beastly Appendage        Tmut           12%        N/A       56%         1
 Wereblood                Tmut           6%         N/A       71%         2
 Portal Projectile        Hex/Tloc       20%        N/A       73%         3
 Summon Forest            Summ/Tloc      10%        N/A       86%         5
 Summon Lightning Spire   Summ/Air       13%        N/A       90%         4
 Magic Dart               Conj           0%         1d3       91%         1
 Necrotize                Necr           0%         1d4       91%         1
 Slow                     Hex            0%         N/A       91%         1
 Ensorcelled Hibernation  Hex/Ice        0%         N/A       97%         2
 Sublimation of Blood     Necr           0%         N/A       97%         2
 Spider Form              Tmut/Pois      3%         N/A       98%         3
 Confusing Touch          Hex            0%         N/A       100%        3
 Ozocubu's Armour         Ice            0%         N/A       100%        3
 Tukima's Dance           Hex            0%         N/A       100%        3
 Vampiric Draining        Necr           0%         2d6       100%        3
 Anguish                  Hex/Necr       0%         N/A       100%        4
 Animate Dead             Necr           0%         N/A       100%        4
 Corpse Rot               Necr/Pois/Air  2%         N/A       100%        4
 Dispel Undead            Necr           0%         3d6       100%        4
 Leda's Liquefaction      Hex/Erth       0%         N/A       100%        4
 Petrify                  Tmut/Erth      3%         N/A       100%        4
 Fireball                 Conj/Fire      0%         3d3       100%        5
 Irradiate                Conj/Tmut      1%         3d13      100%        5
 Iskenderun's Battlesphe  Conj           0%         2d6       100%        5
 Yara's Violent Unravell  Hex/Tmut       1%         3d3       100%        5
 Conjure Ball Lightning   Conj/Air       1%         3x3d6     100%        6
 Death Channel            Necr           0%         N/A       100%        6
 Eringya's Noxious Bog    Tmut/Pois      1%         N/A       100%        6
 Iron Shot                Conj/Erth      0%         9d1       100%        6
 Haunt                    Necr/Summ      5%         N/A       100%        7
 Malign Gateway           Summ/Tloc      10%        N/A       100%        7
 Orb of Destruction       Conj           0%         9d5       100%        7
 Ozocubu's Refrigeration  Ice            0%         4d5       100%        7
 Storm Form               Tmut/Air       3%         N/A       100%        7
 Summon Hydra             Summ           10%        N/A       100%        7
 Infestation              Necr           0%         N/A       100%        8
 Maxwell's Capacitive Co  Air            3%         ∞         100%        8
 Summon Horrible Things   Summ           10%        N/A       100%        8

Inventory:

Hand Weapons
 k - the +9 quick blade "Qufainno" (weapon) {vamp, rN+ Str+4, shortrare=g}
   (You acquired it on level 1 of the Dungeon)

   It occasionally heals its wielder for a portion of the damage dealt when it
   wounds a living foe.
   Str:       It affects your strength (+4).
   rN:        It protects you from negative energy.
 O - the +12 falchion of the Shining Light {vorpal, SInv, long}
   (You found it in a bailey)

   It inflicts extra damage upon your enemies.
   SInv:      It lets you see invisible.
Missiles
 j - 24 curare-tipped darts (quivered) {=fthrowing}
Armour
 i - a +2 scale mail of cold resistance
   (You found it in an ice cave)
 m - a scarf of resistance (worn)
   (You acquired it on level 1 of the Dungeon)
 o - a +0 pair of boots (worn)
   (You found it on level 3 of the Dungeon)
 q - the +3 troll leather armour of Waxkiceodgh {rPois Regen+ Str-4 Dex+3}
   (You found it in an ice cave)

   Str:       It affects your strength (-4).
   Dex:       It affects your dexterity (+3).
   rPois:     It protects you from poison.
   Regen:     It increases your rate of health regeneration.
 r - a +2 hat (worn)
   (You found it on level 2 of the Dungeon)
 t - the +4 troll leather armour of Kindness {Will+ Regen+}
   (You found it on level 6 of the Dungeon)

   Regen:     It increases your rate of health regeneration.
   Will:      It increases your willpower.
 y - +0 ice dragon scales (worn)
   (You found it on level 2 of the Snake Pit)
 z - a +0 buckler of protection (worn)
   (You took it off a deep elf knight on level 1 of the Elven Halls)
 C - a +1 pair of gloves of stealth (worn)
   (You bought it in a shop on level 2 of the Orcish Mines)
 P - a +2 kite shield of reflection
   (You took it off a naga warrior on level 2 of the Snake Pit)
Jewellery
 s - a ring of willpower (left hand)
   (You found it on level 3 of the Dungeon)
 E - a ring of flight
   (You found it on level 5 of the Lair of Beasts)
 T - an amulet of the acrobat (around neck)
   (You found it on level 5 of the Dungeon)
 U - a +4 ring of evasion (right hand)
   (You found it on level 1 of the Snake Pit)
 V - a ring of resist corrosion
   (You found it on level 11 of the Dungeon)
 X - a ring of fire
   (You found it on level 9 of the Dungeon)
Wands
 n - a wand of acid (6)
   (You found it on level 5 of the Lair of Beasts)
 v - a wand of paralysis (22)
   (You found it on level 3 of the Dungeon)
 I - a wand of polymorph (11)
   (You found it on level 8 of the Dungeon)
 W - a wand of charming (5)
   (You found it on level 11 of the Dungeon)
Scrolls
 a - 8 scrolls of enchant armour
 b - 7 scrolls of teleportation {@r4}
 e - 3 scrolls of magic mapping {!r}
 f - 8 scrolls of blinking {!r}
 g - 2 scrolls of enchant weapon
 w - 6 scrolls of identify {@r1}
 B - 3 scrolls of immolation {!r!r}
 D - 5 scrolls of fear
 H - 2 scrolls of silence {!r}
 J - a scroll of summoning {unknown}
 K - a scroll of poison {!r}
 M - 3 scrolls of fog
 R - 2 scrolls of vulnerability {!r!r}
Potions
 c - a potion of ambrosia
 d - 2 potions of mutation {!q}
 h - 3 potions of heal wounds {@q2}
 l - a potion of invisibility
 p - 5 potions of resistance
 A - 3 potions of curing {@q1}
 F - 7 potions of cancellation
 G - 5 potions of brilliance
 Q - 3 potions of haste {@q3}
 S - 3 potions of lignification {!q}
 Y - 5 potions of attraction {!q}
 Z - 4 potions of might
Miscellaneous
 u - a phantom mirror
   (You found it in an ice cave)
 x - a tin of tremorstones (2/2) {throwing}
   (You found it on level 4 of the Shoals)
 L - a lightning rod (4/4)
   (You found it on level 5 of the Lair of Beasts)
 N - a phial of floods
   (You found it on level 5 of the Lair of Beasts)

Dungeon Overview and Level Annotations

Branches:
Dungeon (11/15)            Temple (1/1) D:6            Lair (6/6) D:11
 Shoals (4/4) Lair:3        Snake (2/4) Lair:4        Slime (0/5) Lair:5
    Orc (2/2) D:11            Elf (2/3) Orc:2        Bailey (visited)
  IceCv (visited)         Volcano (visited)

Altars:
Ashenzari
Cheibriados
Dithmenos
Elyvilon
Fedhas
Gozag
Hepliaklqana
Kikubaaqudgha
Makhleb
Nemelex Xobeh
Okawaru
Qazlal
Ru
Sif Muna
Trog
Uskayaw
Vehumet
Wu Jian
Xom
Yredelemnul
Zin
The Shining One
Beogh

Shops:
D:8 [   D:9 *   Orc:2 *[(?   Elf:1 [   Shoals:2 *[

Annotations:
Lair:4 Muuss's ghost, adept GnHW
Lair:6 3 runed translucent doors, porpoise's ghost, journeyman TeGl

,,,,,,,,,,,,******* *,,,,,,,,,,,,
,**,,,,,,,,,,,*,,,***,,,,*,,,,,,,
******,,,,,,*,,,,,,,,,,,,,,,,,_,,
**** *,,,****,,,,,,,,,,,,,,,,,,,,
^,,**********,,,*,,,,,,,,,,,,,,,,
**,,,,***,,,********,,,,,,,,,,***
****,**,,,**##### ***,,,,,*,,,,,
*,>,,,**##.N.## ***,,,*,,,**
*******##..#@S#* ****,,,,**
###..#S#..#* *,,,**
#)..#[N.#..#** *,,,***
##.##..#..#..,* ******,
####..##.###..##,*** **,,
#....#..)# **,,*,,,* ***,,*
###...#..### *,,,*,,** *,,,*,
###.......## ***,**,,***,**,,
##........## *,,,*,,*,,**,*


You could see 2 black mambas and 2 naga magi.


Message History

You take 26 damage, and now have 35/107 hp.
MASSIVE DAMAGE!! (PAUSE)
You feel better. The black mamba completely misses you.
The black mamba misses you. The naga mage closely misses you.
The naga mage completely misses you. The black mamba completely misses you.
HP[+8]
You regained 8 hp, and now have 43/107 hp.
You hit the naga mage.
You feel better. The black mamba completely misses you.
The naga mage closely misses you. The naga mage barely misses you.
HP[+5]
You regained 5 hp, and now have 48/107 hp.
You hit the naga mage but do no damage. The black mamba completely misses you.
The black mamba hisses angrily.
You completely miss the naga mage. The black mamba closely misses you.
The naga mage spits poison at you. You block the splash of poison.
The black mamba bites you but does no damage.
HP[+1]
You puncture the naga mage!
You feel better. You block the black mamba's attack.
The black mamba misses you.
HP[+2]
You regained 2 hp, and now have 51/107 hp.
You completely miss the naga mage. The black mamba misses you.
The naga mage hits you with a +0 whip!
* * * LOW HITPOINT WARNING * * *
The naga mage grabs you. The naga mage constricts you.
* * * LOW HITPOINT WARNING * * *
The black mamba bites you!
* * * LOW HITPOINT WARNING * * *
You puncture the naga mage!
You feel better.
The black mamba bites you but does no damage.
You hit the naga mage.
You feel better.
The black mamba bites you but does no damage.
The naga mage closely misses you. The naga mage constricts you.
* * * LOW HITPOINT WARNING * * *
You block the black mamba's attack.
A naga mage comes into view. It is wielding a +0 great sword.
You barely miss the naga mage. The black mamba misses you. x2
The naga mage gestures wildly while chanting.
The naga mage seems to speed up.
The naga mage constricts you.
HP[-12]
You take 12 damage, and now have 39/107 hp.
You barely miss the naga mage. The black mamba barely misses you. x2
You hit the naga mage but do no damage. You block the black mamba's attack.
The naga mage hits you but does no damage.
The naga mage constricts you.
* * * LOW HITPOINT WARNING * * *
The black mamba completely misses you.
You barely miss the naga mage. You block the black mamba's attack.
The naga mage casts a spell at you. The bolt of poison hits you!
You are poisoned.
* * * LOW HITPOINT WARNING * * *
The naga mage constricts you. You block the black mamba's attack.
The black mamba barely misses you.
You hit the naga mage but do no damage.
You feel sick. The naga mage casts a spell at you.
The bolt of poison misses you. The naga mage constricts you.
The black mamba misses you. The black mamba bites you.
* * * LOW HITPOINT WARNING * * *
You hit the naga mage.
You feel better.
You feel yourself speed up.
You feel sick. The naga mage misses you. The naga mage constricts you.
The black mamba misses you.
You hit the naga mage. You block the black mamba's attack.
You closely miss the naga mage.
You feel sick. You block the black mamba's attack.
The naga mage spits poison at you. The splash of poison misses you.
The naga mage constricts you. You block the black mamba's attack.
The naga mage mumbles some strange words.
The naga mage seems to speed up.
You closely miss the naga mage.
You feel sick. The black mamba closely misses you.
You hit the naga mage. The black mamba misses you.
You block the naga mage's attack. The naga mage constricts you.
HP[-20]
You take 20 damage, and now have 19/107 hp.
You feel better. The black mamba completely misses you.
You block the black mamba's attack.
The naga mage points at you and mumbles some strange words.
The bolt of poison hits you!
You are poisoned.
* * * LOW HITPOINT WARNING * * *
The naga mage constricts you.
* * * LOW HITPOINT WARNING * * *
The black mamba closely misses you.
The black mamba bites you but does no damage.
HP[-7]
You take 7 damage, and now have 12/107 hp.
As you read the scroll of teleportation {@r4}, it crumbles to dust.
You feel strangely unstable.
* * * LOW HITPOINT WARNING * * *
You feel very sick.
The black mamba bites you but does no damage.
The naga mage casts a spell at you. The bolt of poison misses you.
The naga mage constricts you. The black mamba bites you!
You die...

Skill      XL: |  1  2  3  4  5  6  7  8  9 10 11 12 13 14 15 16 17 18 |
---------------+-------------------------------------------------------+-----
Stealth        | 3 6 8 10 | 10.0
Short Blades   | 6 8 |  8.0
Fighting       | 5 7 10 14 15 | 15.0
Shields        | 2 4 5 |  5.1
Dodging        | 5 10 14 15 19 20 | 20.0
Evocations     | 4 10 14 15 | 15.0
Armour         | 3 9 10 | 10.0
Long Blades    | 3 |  3.0
Transmutations | 2 |  2.8
Air Magic      | 2 |  2.8
Summonings     | 6 8 |  8.8
Translocations | 6 8 |  8.8

Action                   |  1- 3 |  4- 6 |  7- 9 | 10-12 | 13-15 | 16-18 || total
-------------------------+-------+-------+-------+-------+-------+-------++-------
Melee: Short sword       |    42 |       |       |       |       |       ||    42
       Quick blade       |    15 |    55 |   230 |   810 |  2159 |  3135 ||  6404
       Punch             |       |     1 |     2 |       |     1 |       ||     4
Throw: Dart              |       |       |       |     3 |       |       ||     3
Invok: Lunge             |       |       |     3 |    54 |    86 |   101 ||   244
       Whirlwind         |       |       |       |    56 |   137 |   137 ||   330
       Serpent's Lash    |       |       |       |     5 |     2 |     2 ||     9
       Heavenly Storm    |       |       |       |       |     3 |     1 ||     4
 Abil: Wall Jump         |       |       |     1 |       |       |       ||     1
Evoke: Wand              |       |       |       |     1 |       |       ||     1
       Phial of floods   |       |       |       |       |     1 |       ||     1
  Use: Scroll            |     2 |       |       |    12 |    15 |     4 ||    33
       Potion            |       |       |       |     3 |     1 |     6 ||    10
 Stab: Sleeping          |     9 |    17 |    17 |    29 |    49 |    66 ||   187
       Distracted        |       |     1 |       |     1 |     6 |    13 ||    21
       Paralysed         |       |       |       |     1 |       |       ||     1
       Petrified         |       |       |       |       |       |     2 ||     2
Armor: Robe              |     4 |       |       |       |       |       ||     4
       Leather armour    |       |     2 |     5 |       |       |    11 ||    18
       Steam dragon scal |       |       |     4 |       |       |       ||     4
       Troll leather arm |       |       |       |    49 |   140 |    97 ||   286
       Ice dragon scales |       |       |       |       |       |    73 ||    73
Dodge: Dodged            |    32 |     7 |    59 |   228 |   979 |  1498 ||  2803
Block: Buckler           |       |       |    17 |   109 |   330 |   494 ||   950

Levels and vault maps discovered:
D:1:      dpeg_arrival_rhombi, layout_basic,
          shapermc_ecumenical_altar_totnotflames, minmay_split_cup_large
D:2:      layout_basic, uniq_sigmund
D:3:      layout_basic, st_stairs_10, nrook_loot_triangle
D:4:      layout_basic, chequers_serial_rivers_micro_c, minivault_25,
          uniq_edmund
D:5:      kennysheep_steamy, layout_layer_cave, minmay_misc_feat_five
D:6:      layout_basic, nicolae_overflow_crystal_walls, general_overflow_altar,
          minmay_temple_entry_water_ring
D:7:      layout_loops_cross
D:8:      layout_loops_ring, minitemple, serial_shops, nicolae_take_the_stairs,
          enter_bailey_5
D:9:      layout_cave_pools, biasface_ghost_orc_armoury, serial_shops,
          kennysheep_little_box
D:10:     layout_roguey [special_room_orc], uniq_sonja
D:11:     layout_basic, david_lair_generic, david_orc_3, uniq_grum, uniq_erolcha
Temple:   minmay_temple_bridge_d
Lair:1:   layout_big_grid, enter_volcano_1, grunt_megastairs_4
Lair:2:   layout_layer_cave, st_stairs_11, beast_lair_carwin_6
Lair:3:   layout_concentric_octagons, elwin_shoals_entry_rooms
Lair:4:   layout_roguey, minmay_snake_entry_guardpost_medium,
          gammafunk_ghost_necromancy
Lair:5:   layout_roguey, slime_dummy, ebering_ghost_reflecting_pool,
          beast_lair_carwin_3
Lair:6:   gammafunk_lair_ancient_temple, layout_cave_shapes,
          gammafunk_ghost_ooze, minmay_stone_trees_small,
          chequers_serial_rivers_small_3, wad_woods_03, lemuel_fruit_tree,
          infiniplex_staircase_pool_2, serial_bayou_shore_b
Shoals:1: cheibrodos_shoals_baths, layout_shoals, uniq_josephine
Shoals:2: layout_shoals, serial_shops, nicolae_diamond_shop,
          nicolae_stop_n_shop_2, uniq_polyphemus, uniq_ilsuiw
Shoals:3: layout_shoals, st_sunken_temple, uniq_aizul
Shoals:4: shoals_end_grunt_garden, layout_shoals
Snake:1:  layout_onion_interference
Snake:2:  layout_misc_corridors, basic_altar, portal_ice_cave_entry_dragon,
          hangedman_snake_corridor_split
Orc:1:    layout_caves, uniq_harold
Orc:2:    st_orc_rangers, layout_diamond_mine, mines1_david
Elf:1:    eino_elf_arrival_customs, layout_geoelf_diagonals, serial_shops,
          nicolae_shop_crystal, minmay_elf_necromancy
Elf:2:    elven_hall_of_blades_hangedman_alternative
          [nicolae_blade_entry_antechamber], layout_geoelf_diagonals,
          serial_shops, nicolae_shop_crystal

Notes
Turn   | Place    | Note
-------+----------+-------------------------------------------
     0 | D:1      | zeratav the Kobold Monk began the quest for the Orb.
     0 | D:1      | Reached XP level 1. HP: 14/14 MP: 1/1
     0 | D:1      | magus.rc [v1.9.6]
    74 | D:1      | Reached skill level 3 in Stealth
    82 | D:1      | Reached XP level 2. HP: 16/19 MP: 2/2
   696 | D:1      | Reached XP level 3. HP: 23/23 MP: 3/3
   812 | D:1      | Identified 2 scrolls of acquirement
   812 | D:1      | Acquired a scarf of resistance
   814 | D:1      | Acquired the +9 quick blade "Qufainno" {vamp, rN+ Str+4}
   815 | D:1      | k - the +9 quick blade "Qufainno" {vamp, rN+ Str+4,
                  | shortrare=g}
   816 | D:1      | k - the +9 quick blade "Qufainno" (weapon) {vamp, rN+
                  | Str+4, shortrare=g}
   985 | D:1      | Found a faded altar of an unknown god.
  1152 | D:2      | Reached skill level 4 in Stealth
  1174 | D:2      | Reached skill level 5 in Short Blades
  1265 | D:2      | Noticed Sigmund
  1269 | D:2      | Killed Sigmund
  1270 | D:2      | Reached skill level 6 in Short Blades
  1270 | D:2      | Reached skill level 6 in Stealth
  1270 | D:2      | Reached XP level 4. HP: 28/28 MP: 4/4
  1270 | D:2      | Reached XP level 5. HP: 32/32 MP: 5/5
  1270 | D:2      | Reached XP level 6. HP: 37/37 MP: 6/6
  1630 | D:3      | Reached skill level 7 in Short Blades
  3088 | D:4      | Reached skill level 8 in Short Blades
  3096 | D:4      | Reached XP level 7. HP: 27/41 MP: 7/7
  3308 | D:4      | Reached skill level 4 in Fighting
  3308 | D:4      | Reached skill level 1 in Shields
  3415 | D:4      | Noticed Edmund
  3419 | D:4      | Killed Edmund
  3420 | D:4      | Reached skill level 2 in Shields
  3460 | D:4      | Reached skill level 5 in Fighting
  3516 | D:4      | Reached XP level 8. HP: 48/49 MP: 8/8
  3862 | D:4      | Reached skill level 3 in Shields
  3938 | D:5      | Entered Level 5 of the Dungeon
  4246 | D:5      | Reached skill level 6 in Fighting
  4623 | D:5      | Reached skill level 4 in Shields
  4817 | D:5      | Reached skill level 7 in Fighting
  4824 | D:5      | Reached XP level 9. HP: 53/57 MP: 9/9
  5082 | D:5      | Reached skill level 5 in Shields
  5087 | D:5      | Reached skill level 8 in Fighting
  5549 | D:6      | Reached skill level 9 in Fighting
  5718 | D:6      | Found a staircase to the Ecumenical Temple.
  5735 | D:6      | Reached skill level 10 in Fighting
  5746 | Temple   | Entered the Ecumenical Temple
  6070 | Temple   | Became a worshipper of the Wu Jian Council
  6070 | Temple   | Reached * piety under Wu Jian
  6070 | Temple   | Reached ** piety under Wu Jian
  6152 | D:6      | Reached skill level 4 in Dodging
  6188 | D:6      | Found a white marble altar of Elyvilon.
  6329 | D:6      | Identified the +4 troll leather armour of Kindness {Will+
                  | Regen+}
  6359 | D:6      | Found a sacrificial altar of Ru.
  6417 | D:6      | Identified a +0 crystal plate armour
  6418 | D:6      | y - a +0 crystal plate armour {rare=g}
  6555 | D:6      | Reached skill level 5 in Dodging
  6703 | D:7      | Reached XP level 10. HP: 68/68 MP: 10/10
  6774 | D:7      | Reached skill level 6 in Dodging
  7087 | D:7      | Reached skill level 7 in Dodging
  7470 | D:8      | You pick up a book of Dreams and begin reading...
  7470 | D:8      | You add the spells Ensorcelled Hibernation, Spider Form and
                  | Anguish to your library.
  7547 | D:8      | Found a flagged portal.
  7566 | D:8      | Reached skill level 8 in Dodging
  7589 | Bailey   | Entered a bailey
  7640 | Bailey   | Reached skill level 9 in Dodging
  7776 | Bailey   | Noticed an orc knight
  7803 | Bailey   | Killed an orc knight
  7804 | Bailey   | Reached skill level 10 in Dodging
  7804 | Bailey   | Reached skill level 1 in Evocations
  7829 | Bailey   | Reached skill level 2 in Evocations
  7844 | Bailey   | Found an iron altar of Okawaru.
  7847 | Bailey   | Identified the +12 falchion of the Shining Light {vorpal,
                  | SInv}
  7978 | Bailey   | Hit: k) +9 quick blade "Qufainno" {vamp, rN+ Str+4,
                  | shortrare=g}
  7978 | Bailey   | Hit: k) +9 quick blade "Qufainno" {vamp, rN+ Str+4,
                  | shortrare=g}
  7978 | Bailey   | Hit: k) +9 quick blade "Qufainno" {vamp, rN+ Str+4,
                  | shortrare=g}
  7979 | Bailey   | Hit: k) +9 quick blade "Qufainno" {vamp, rN+ Str+4,
                  | shortrare=g}
  7979 | Bailey   | Hit: k) +9 quick blade "Qufainno" {vamp, rN+ Str+4,
                  | shortrare=g}
  7979 | Bailey   | Hit: k) +9 quick blade "Qufainno" {vamp, rN+ Str+4,
                  | shortrare=g}
  7980 | Bailey   | Hit: k) +9 quick blade "Qufainno" {vamp, rN+ Str+4,
                  | shortrare=g}
  7980 | Bailey   | Hit: k) +9 quick blade "Qufainno" {vamp, rN+ Str+4,
                  | shortrare=g}
  7980 | Bailey   | Hit: k) +9 quick blade "Qufainno" {vamp, rN+ Str+4,
                  | shortrare=g}
  8154 | D:8      | Reached skill level 7 in Stealth
  8253 | D:8      | Found Wicixka's Antique Armour Shoppe.
  8254 | D:8      | Reached *** piety under Wu Jian
  8356 | D:8      | Reached skill level 3 in Evocations
  8525 | D:8      | Found an opulent altar of Gozag.
  8525 | D:8      | Found an ancient bone altar of Kikubaaqudgha.
  8525 | D:8      | Found a broken altar of Ashenzari.
  8705 | D:9      | Noticed a kobold demonologist
  8713 | D:9      | Noticed a kobold demonologist
  8719 | D:9      | Killed a kobold demonologist
  8720 | D:9      | Reached skill level 8 in Stealth
  8720 | D:9      | Reached skill level 4 in Evocations
  8720 | D:9      | Killed a kobold demonologist
  8720 | D:9      | Reached XP level 11. HP: 72/72 MP: 11/11
  8731 | D:9      | Reached skill level 5 in Evocations
  8767 | D:9      | Reached skill level 9 in Stealth
  8776 | D:9      | Reached skill level 6 in Evocations
  8834 | D:9      | Reached skill level 10 in Stealth
  8902 | D:9      | Reached skill level 7 in Evocations
  9067 | D:9      | Found a runed translucent gate.
  9067 | D:9      | Found a runed translucent gate.
  9068 | D:9      | Found a runed translucent gate.
  9211 | D:9      | Found Tucuamn's General Store.
  9216 | D:9      | Bought a scroll of teleportation for 33 gold pieces
  9216 | D:9      | Bought a scroll of teleportation for 33 gold pieces
  9216 | D:9      | Bought a scroll of blinking for 82 gold pieces
  9260 | D:9      | Reached skill level 8 in Evocations
  9406 | D:9      | Noticed kairosrom117's ghost (novice DrFE)
  9414 | D:9      | Identified the +3 plate armour of Hedging {Stlth+}
  9474 | D:9      | Killed kairosrom117's ghost
  9475 | D:9      | Reached skill level 9 in Evocations
  9578 | D:9      | You drop a +0 crystal plate armour {rare=g}.
  9595 | D:10     | Entered Level 10 of the Dungeon
  9650 | D:10     | Reached **** piety under Wu Jian
  9678 | D:10     | Reached skill level 10 in Evocations
  9728 | D:10     | Noticed Sonja
  9741 | D:10     | Killed Sonja
  9741 | D:10     | Reached skill level 2 in Armour
  9941 | D:10     | Reached skill level 3 in Armour
 10207 | D:10     | Reached XP level 12. HP: 77/77 MP: 12/12
 10760 | D:11     | Found a staircase to the Lair.
 10773 | D:11     | Reached skill level 4 in Armour
 10838 | D:11     | Reached skill level 5 in Armour
 10840 | D:11     | You pick up a book of Alchemy and begin reading...
 10840 | D:11     | You add the spells Sublimation of Blood, Petrify and
                  | Irradiate to your library.
 10860 | D:11     | Noticed Erolcha
 10861 | D:11     | Killed Erolcha
 11115 | D:11     | Reached skill level 6 in Armour
 11334 | D:11     | Found a staircase to the Orcish Mines.
 11475 | D:11     | Noticed Grum
 11479 | D:11     | Killed Grum
 11775 | Lair:1   | Entered Level 1 of the Lair of Beasts
 11846 | Lair:1   | You pick up a book of Death and begin reading...
 11846 | Lair:1   | You add the spells Animate Dead, Haunt and Infestation to
                  | your library.
 11869 | Lair:1   | Found a dark tunnel.
 11874 | Volcano  | Entered a volcano
 11903 | Volcano  | Reached skill level 7 in Armour
 12047 | Volcano  | Reached skill level 8 in Armour
 12088 | Volcano  | Noticed a fire dragon
 12095 | Volcano  | Killed a fire dragon
 12252 | Lair:1   | Noticed a six-headed hydra
 12262 | Lair:1   | Killed a six-headed hydra
 12278 | Lair:1   | Reached skill level 9 in Armour
 12286 | Lair:1   | Reached XP level 13. HP: 69/82 MP: 13/13
 13015 | Lair:2   | Reached skill level 10 in Armour
 13341 | Lair:2   | Reached skill level 11 in Dodging
 13354 | Lair:2   | Reached ***** piety under Wu Jian
 13663 | Lair:2   | Reached skill level 12 in Dodging
 14109 | Lair:3   | Found a staircase to the Shoals.
 14307 | Lair:3   | You pick up a book of the Hunter and begin reading...
 14307 | Lair:3   | You add the spells Call Canine Familiar, Portal Projectile
                  | and Leda's Liquefaction to your library.
 14856 | Lair:4   | Reached skill level 13 in Dodging
 14874 | Lair:4   | Found a staircase to the Snake Pit.
 15110 | Lair:4   | Noticed an eight-headed hydra
 15122 | Lair:4   | Killed an eight-headed hydra
 15212 | Lair:4   | Found a runed translucent gate.
 15213 | Lair:4   | Found a runed translucent gate.
 15214 | Lair:4   | Found a runed translucent gate.
 15227 | Lair:4   | You add the spells Tukima's Dance, Passage of Golubria and
                  | Yara's Violent Unravelling to your library.
 15655 | Lair:4   | Noticed Muuss's ghost (adept GnHW)
 15658 | Lair:4   | Reached skill level 14 in Dodging
 15764 | Snake:1  | Entered Level 1 of the Snake Pit
 15906 | Lair:5   | You pick up a book of Changes and begin reading...
 15906 | Lair:5   | You add the spells Beastly Appendage and Wereblood to your
                  | library.
 15982 | Lair:5   | Reached XP level 14. HP: 88/88 MP: 14/14
 16051 | Lair:5   | Reached skill level 15 in Dodging
 16317 | Lair:5   | Found a staircase to the Slime Pits.
 16380 | Lair:5   | Found a runed translucent door.
 16824 | Lair:5   | Noticed Usoal Hoge's ghost (journeyman DjIE)
 16857 | Lair:5   | HP: 21/88 [frozen (29)]
 16867 | Lair:5   | HP: 9/88 [frozen (30)]
 16970 | Lair:6   | Entered Level 6 of the Lair of Beasts
 17087 | Lair:6   | Found a runed translucent gate.
 17087 | Lair:6   | Found a runed translucent gate.
 17088 | Lair:6   | Found a runed translucent gate.
 17088 | Lair:6   | Noticed an azure jelly
 17089 | Lair:6   | Noticed an azure jelly
 17089 | Lair:6   | Noticed an acid blob
 17089 | Lair:6   | Noticed porpoise's ghost (journeyman TeGl)
 17089 | Lair:6   | Noticed an azure jelly
 17090 | Lair:6   | Noticed an acid blob
 17090 | Lair:6   | Noticed an acid blob
 17091 | Lair:6   | Noticed a quicksilver ooze
 17104 | Lair:6   | Reached skill level 11 in Fighting
 17287 | Lair:6   | Noticed a dire elephant
 17443 | Lair:6   | Reached skill level 12 in Fighting
 17735 | Lair:6   | Reached skill level 13 in Fighting
 17958 | Lair:6   | Reached skill level 14 in Fighting
 18021 | Lair:6   | You add the spells Summon Forest, Eringya's Noxious Bog and
                  | Summon Hydra to your library.
 18025 | Lair:6   | Identified the +7 trident of Immorality {flame, rElec rC+
                  | rCorr}
 18438 | Lair:6   | Killed a dire elephant
 18607 | Lair:6   | Noticed an acid blob
 18958 | Lair:5   | Killed Usoal Hoge's ghost
 19099 | Orc:1    | Entered Level 1 of the Orcish Mines
 19524 | Orc:1    | Noticed Harold
 19550 | Orc:1    | Killed Harold
 19551 | Orc:1    | Reached XP level 15. HP: 101/101 MP: 15/15
 19563 | Orc:2    | Entered Level 2 of the Orcish Mines
 19604 | Orc:2    | Reached skill level 15 in Fighting
 19793 | Orc:2    | Found a staircase to the Elven Halls.
 19970 | Orc:2    | Found Guzorol's Weapon Shoppe.
 19970 | Orc:2    | Found Odaonah's Antique Armour Shop.
 19970 | Orc:2    | Found Uliusi's Assorted Antiques.
 19971 | Orc:2    | Found Qeh Syaj's Magic Scroll Emporium.
 19982 | Orc:2    | Bought a scroll of teleportation for 102 gold pieces
 19982 | Orc:2    | Bought a scroll of teleportation for 102 gold pieces
 19984 | Orc:2    | Bought a pair of embroidered gloves for 180 gold pieces
 20004 | Orc:2    | Bought a scroll of identify for 34 gold pieces
 20004 | Orc:2    | Bought a scroll of acquirement for 884 gold pieces
 20004 | Orc:2    | Bought a scroll of identify for 34 gold pieces
 20004 | Orc:2    | Bought a scroll of identify for 34 gold pieces
 20005 | Orc:2    | Acquired 536 gold pieces
 20239 | Elf:1    | Entered Level 1 of the Elven Halls
 20253 | Elf:1    | Reached skill level 16 in Dodging
 20481 | Elf:1    | You are sucked into a shaft and drop 1 floor!
 20506 | Elf:2    | You pick up a book of Decay and begin reading...
 20506 | Elf:2    | You add the spells Corpse Rot, Dispel Undead and Death
                  | Channel to your library.
 20593 | Elf:1    | You pick up a book of the Spheres and begin reading...
 20593 | Elf:1    | You add the spells Iskenderun's Battlesphere, Fireball,
                  | Conjure Ball Lightning and Orb of Destruction to your
                  | library.
 20864 | Elf:1    | Reached skill level 17 in Dodging
 21111 | Elf:1    | Identified the +1 leather armour of Vehumet's Fury {rPois
                  | rN+ Int+3 SInv}
 21198 | Elf:1    | Reached skill level 18 in Dodging
 21375 | Elf:1    | Got Vicaumon's Volume of Evil
 21629 | Elf:1    | Found Vapoel's Antique Armour Shoppe.
 21638 | Elf:1    | Reached skill level 19 in Dodging
 21881 | Shoals:1 | Entered Level 1 of the Shoals
 21929 | Shoals:1 | Reached XP level 16. HP: 99/108 MP: 16/16
 21958 | Shoals:1 | Noticed Josephine
 21963 | Shoals:1 | Killed Josephine
 22091 | Shoals:1 | You add the spells Malign Gateway and Summon Horrible
                  | Things to your library.
 22191 | Shoals:1 | Reached skill level 20 in Dodging
 22286 | Shoals:1 | Identified the +2 leather armour of Maseag {rPois Str+3
                  | SInv}
 22815 | Shoals:1 | Reached skill level 11 in Evocations
 23550 | Shoals:2 | Reached skill level 12 in Evocations
 23698 | Shoals:2 | Noticed a kraken
 23719 | Shoals:2 | HP: 23/108 [kraken (11)]
 23845 | Shoals:2 | Reached skill level 13 in Evocations
 23905 | Shoals:2 | Noticed Ilsuiw
 24114 | Shoals:2 | Killed Ilsuiw
 24156 | Shoals:2 | Found Upirphet's General Store.
 24353 | Shoals:2 | Reached skill level 14 in Evocations
 24456 | Shoals:2 | Noticed Polyphemus
 24473 | Shoals:2 | Killed Polyphemus
 24518 | Shoals:2 | Reached ****** piety under Wu Jian
 24540 | Shoals:2 | Reached XP level 17. HP: 113/113 MP: 17/17
 24564 | Shoals:2 | Reached skill level 15 in Evocations
 24585 | Shoals:2 | Found Von Megha's Antique Armour Shoppe.
 24602 | Shoals:2 | Reached skill level 1 in Long Blades
 24622 | Shoals:2 | Bought a twisted ring mail for 270 gold pieces
 24622 | Shoals:2 | Identified the +0 ring mail of Dograatu {rN+ Str+2 Int+5}
                  | (You bought it in a shop on level 2 of the Shoals)
 25308 | Shoals:3 | You pick up a book of the Sky and begin reading...
 25308 | Shoals:3 | You add the spells Summon Lightning Spire, Storm Form and
                  | Maxwell's Capacitive Coupling to your library.
 25358 | Shoals:3 | Reached skill level 2 in Long Blades
 25467 | Shoals:3 | Reached skill level 3 in Long Blades
 25545 | Shoals:3 | Noticed Aizul
 25598 | Shoals:3 | Killed Aizul
 25599 | Shoals:3 | Reached skill level 1 in Transmutations
 25599 | Shoals:3 | Reached skill level 1 in Air Magic
 25708 | Shoals:3 | Reached skill level 2 in Air Magic
 25726 | Shoals:3 | Reached skill level 2 in Transmutations
 25780 | Shoals:3 | Identified the +1 robe "Runick" {rF+ Will+}
 26328 | Shoals:3 | Reached skill level 1 in Summonings
 26328 | Shoals:3 | Reached skill level 1 in Translocations
 26425 | Shoals:3 | Reached skill level 2 in Summonings
 26425 | Shoals:3 | Reached skill level 2 in Translocations
 26799 | Shoals:4 | Entered Level 4 of the Shoals
 26864 | Shoals:4 | Reached skill level 3 in Summonings
 26864 | Shoals:4 | Reached skill level 3 in Translocations
 26871 | Shoals:4 | You pick up a book of Debilitation and begin reading...
 26871 | Shoals:4 | You add the spells Slow, Vampiric Draining and Confusing
                  | Touch to your library.
 27075 | Shoals:4 | Reached skill level 4 in Summonings
 27075 | Shoals:4 | Reached skill level 4 in Translocations
 27169 | Shoals:4 | You add the spells Ozocubu's Armour and Ozocubu's
                  | Refrigeration to your library.
 27210 | Shoals:4 | HP: 21/113 [merfolk/+0 vorpal trident (17)]
 27211 | Shoals:4 | HP: 3/113 [wind drake/the air (14)]
 27460 | Shoals:4 | Got a barnacled rune of Zot
 27566 | Shoals:4 | Identified the +1 leather armour of Cloud Cover {Drain
                  | rElec rCorr Dex+5}
 27765 | Shoals:4 | Reached skill level 5 in Summonings
 27765 | Shoals:4 | Reached skill level 5 in Translocations
 28639 | Snake:1  | Reached skill level 6 in Summonings
 28639 | Snake:1  | Reached skill level 6 in Translocations
 28873 | Snake:1  | You add the spells Magic Dart and Iron Shot to your
                  | library.
 28873 | Snake:1  | Got the Compendium of Attacks and Darkness
 28971 | Snake:1  | Reached XP level 18. HP: 119/119 MP: 11/18
 29199 | Snake:1  | Reached skill level 7 in Summonings
 29199 | Snake:1  | Reached skill level 7 in Translocations
 29565 | Snake:2  | Found a frozen archway.
 29581 | Snake:2  | Hit: k) +9 quick blade "Qufainno" {vamp, rN+ Str+4,
                  | shortrare=g}
 29581 | Snake:2  | Hit: k) +9 quick blade "Qufainno" {vamp, rN+ Str+4,
                  | shortrare=g}
 29581 | Snake:2  | Hit: k) +9 quick blade "Qufainno" {vamp, rN+ Str+4,
                  | shortrare=g}
 29588 | IceCv    | Entered an ice cave
 30018 | IceCv    | Gained mutation: You are frail. (-10% HP) [a neqoxec]
 30301 | IceCv    | Identified the +3 troll leather armour of Waxkiceodgh
                  | {rPois Regen+ Str-4 Dex+3}
 30352 | IceCv    | HP: 22/107 [golden dragon simulacrum (7)]
 30365 | IceCv    | Reached skill level 8 in Summonings
 30365 | IceCv    | Reached skill level 8 in Translocations
 30372 | IceCv    | HP: 25/107 [dire elephant simulacrum (1)]
 32112 | Snake:2  | Hit: k) +9 quick blade "Qufainno" {vamp, rN+ Str+4,
                  | shortrare=g}
 32112 | Snake:2  | Hit: k) +9 quick blade "Qufainno" {vamp, rN+ Str+4,
                  | shortrare=g}
 32112 | Snake:2  | Hit: k) +9 quick blade "Qufainno" {vamp, rN+ Str+4,
                  | shortrare=g}
 32214 | Snake:2  | Hit: k) +9 quick blade "Qufainno" {vamp, rN+ Str+4,
                  | shortrare=g}
 32214 | Snake:2  | Hit: k) +9 quick blade "Qufainno" {vamp, rN+ Str+4,
                  | shortrare=g}
 32214 | Snake:2  | Hit: k) +9 quick blade "Qufainno" {vamp, rN+ Str+4,
                  | shortrare=g}
 32215 | Snake:2  | Hit: k) +9 quick blade "Qufainno" {vamp, rN+ Str+4,
                  | shortrare=g}
 32215 | Snake:2  | Hit: k) +9 quick blade "Qufainno" {vamp, rN+ Str+4,
                  | shortrare=g}
 32215 | Snake:2  | Hit: k) +9 quick blade "Qufainno" {vamp, rN+ Str+4,
                  | shortrare=g}
 32216 | Snake:2  | Hit: k) +9 quick blade "Qufainno" {vamp, rN+ Str+4,
                  | shortrare=g}
 32216 | Snake:2  | Hit: k) +9 quick blade "Qufainno" {vamp, rN+ Str+4,
                  | shortrare=g}
 32216 | Snake:2  | Hit: k) +9 quick blade "Qufainno" {vamp, rN+ Str+4,
                  | shortrare=g}
 32566 | Snake:2  | HP: 26/107 [poisoned by a naga mage (bolt of poison)]
 32572 | Snake:2  | HP: 14/107 [naga mage/bolt of poison (16)]
 32573 | Snake:2  | Slain by a black mamba

Vanquished Creatures
  Polyphemus (Shoals:2)
  Ilsuiw (Shoals:2)
  Aizul (Shoals:3)
  The ghost of Usoal Hoge the Fighter, a journeyman DjIE of Nemelex Xobeh (Lair:5)
  A deep elf annihilator (Elf:1)
  A dire elephant (Lair:6)
  A deep elf death mage (Elf:1)
  2 blizzard demons (IceCv)
  Josephine (Shoals:1)
  9 merfolk impalers
  4 merfolk javelineers
  A fire dragon (Volcano)
  2 caustic shrike simulacra (IceCv)
  Erolcha (D:11)
  3 hydras
  Harold (Orc:1)
  An ice dragon (Snake:2)
  A catoblepas (Shoals:2)
  2 merfolk avatars
  5 merfolk aquamancers
  3 alligator snapping turtles
  4 anacondas (Snake:1)
  2 centaur warriors
  4 dancing weapons (Elf:1)
  5 naga warriors
  2 satyrs
  4 death yaks (Shoals:2)
  The ghost of kairosrom117 the Firebug, a novice DrFE of Vehumet (D:9)
  2 shock serpents (Snake:1)
  4 naga sharpshooters
  Sonja (D:10)
  3 deep elf knights (Elf:1)
  A spectral death yak (Lair:4)
  16 sea snakes
  2 naga ritualists
  An obsidian statue (IceCv)
  6 spriggan simulacra (IceCv)
  A spectral hydra (Lair:4)
  A bog body (IceCv)
  7 deep elf archers (Elf:1)
  2 harpies (Lair:6)
  4 lindwurms (Volcano)
  19 fauns
  An orc sorcerer (Orc:2)
  9 deep elf pyromancers (Elf:1)
  4 orc knights
  6 mana vipers
  A salamander (Snake:1)
  4 necromancers (Elf:1)
  13 deep elf zephyrmancers
  12 manticores
  2 cyclopes
  9 elephants
  2 smoke demons (Volcano)
  2 water nymphs
  12 merfolk sirens
  3 naga magi (Snake:1)
  17 black mambas
  11 cane toads
  2 unseen horrors
  8 komodo dragons
  3 entropy weaver simulacra (IceCv)
  4 ice devils (IceCv)
  3 rime drakes
  2 golden dragon simulacra (IceCv)
  2 kobold demonologists (D:9)
  3 freezing wraiths (IceCv)
  2 anaconda simulacra (IceCv)
  6 polar bears
  34 merfolk
  8 trolls
  6 blink frogs
  10 wind drakes
  3 hornets (Lair:6)
  16 snapping turtles
  2 dream sheep (Shoals:1)
  A shadow (D:10)
  Sigmund (D:2)
  A spriggan (Lair:6)
  48 yaks
  5 wraiths
  A fire elemental (Elf:1)
  4 dire elephant simulacra (IceCv)
  9 water elementals
  7 wyverns
  4 basilisks
  Grum (D:11)
  13 minotaur simulacra (IceCv)
  8 steam dragons
  A large abomination (Elf:1)
  A warg (D:11)
  Edmund (D:4)
  13 nagas
  A hydra simulacrum (IceCv)
  3 harpy simulacra (IceCv)
  22 water moccasins
  47 orc warriors
  An alligator simulacrum (IceCv)
  4 ice beasts
  A spectral torpor snail (Lair:4)
  A black bear (D:6)
  6 ogres
  15 centaurs
  18 wolves
  2 phantoms (D:4)
  7 kobold brigands
  2 necrophages (D:5)
  3 scorpions
  2 elf zombies (Elf:1)
  2 gnoll sergeants
  18 bullfrogs
  5 deep troll simulacra (IceCv)
  A dream sheep simulacrum (Lair:4)
  2 lindwurm simulacra (IceCv)
  A howler monkey (D:8)
  4 jellies
  A gnoll shaman (D:7)
  14 orc priests
  2 iguanas
  6 hell rats (Lair:5)
  15 orc wizards
  7 adders
  19 gnolls
  A shadow imp (D:5)
  An ufetubus (D:6)
  3 worms
  2 dart slugs
  77 orcs
  2 ball pythons
  6 endoplasms
  17 goblins
  5 hobgoblins
  4 quokkas
  5 bats
  3 frilled lizards
  24 kobolds
  6 rats
864 creatures vanquished.

Vanquished Creatures (others)
  27 fungi
  190 plants
  27 tentacles (Shoals:2)
244 creatures vanquished.

Grand Total: 1108 creatures vanquished

Table legend:
 A = Non-vault XP
 B = Vault XP
 C = Vault XP percentage of total XP
 D = Non-vault monster count
 E = Vault monster count
 F = Vault count percentage of total count
                 A         B        C        D         E       F
            +---------+---------+-------+---------+---------+-------
      Total |  140599 |   96561 |  40.7 |     547 |     317 |  36.7
            +---------+---------+-------+---------+---------+-------
        D:1 |      29 |       6 |  17.1 |      16 |       4 |  20.0
        D:2 |      45 |     226 |  83.4 |      17 |       1 |   5.6
        D:3 |      91 |       6 |   6.2 |      19 |       2 |   9.5
        D:4 |     689 |     164 |  19.2 |      27 |       1 |   3.6
        D:5 |    1041 |     364 |  25.9 |      22 |       2 |   8.3
        D:6 |    1041 |       0 |   0.0 |      15 |       0 |   0.0
        D:7 |     769 |       0 |   0.0 |      19 |       0 |   0.0
        D:8 |     833 |       6 |   0.7 |      10 |       4 |  28.6
        D:9 |    4200 |    1305 |  23.7 |      32 |      10 |  23.8
       D:10 |    1342 |    1767 |  56.8 |       5 |      25 |  83.3
       D:11 |    1973 |    3109 |  61.2 |      19 |      19 |  50.0
     Lair:1 |    3050 |     157 |   4.9 |      15 |       1 |   6.2
     Lair:2 |    4008 |    2218 |  35.6 |      10 |       9 |  47.4
     Lair:3 |    2380 |     458 |  16.1 |      14 |       1 |   6.7
     Lair:4 |    2249 |    2593 |  53.6 |       9 |      10 |  52.6
     Lair:5 |    5349 |    2409 |  31.1 |      27 |       7 |  20.6
     Lair:6 |    9635 |   10533 |  52.2 |      40 |      26 |  39.4
   Shoals:1 |   14367 |    4338 |  23.2 |      32 |      12 |  27.3
   Shoals:2 |   19995 |    8921 |  30.9 |      45 |      12 |  21.1
   Shoals:3 |   11980 |    7562 |  38.7 |      22 |      10 |  31.2
   Shoals:4 |    6199 |   10860 |  63.7 |      11 |      21 |  65.6
    Snake:1 |   18591 |       0 |   0.0 |      33 |       0 |   0.0
    Snake:2 |    5460 |    3054 |  35.9 |       9 |       7 |  43.8
      Orc:1 |    1885 |     850 |  31.1 |      20 |       1 |   4.8
      Orc:2 |    2729 |    4641 |  63.0 |      26 |      37 |  58.7
      Elf:1 |   20032 |    6536 |  24.6 |      32 |      13 |  28.9
      Elf:2 |     637 |       0 |   0.0 |       1 |       0 |   0.0
     Bailey |       0 |    1724 | 100.0 |       0 |      18 | 100.0
      IceCv |       0 |   18064 | 100.0 |       0 |      55 | 100.0
    Volcano |       0 |    4690 | 100.0 |       0 |       9 | 100.0
            +---------+---------+-------+---------+---------+-------

Illustrated notes

Table legend:
 A = Kills in this place as a percentage of kills in entire the game.
 B = Kills by you in this place as a percentage of kills by you in the entire game.
 C = Kills by friends in this place as a percentage of kills by friends in the entire game.
 D = Other kills in this place as a percentage of other kills in the entire game.
 E = Experience gained in this place as a percentage of experience gained in the entire game.
 F = Experience gained in this place divided by the number of levels of this place that you have seen.
                   A       B       C       D       E      F
               +-------+-------+-------+-------+-------+----------------------
         Total | 100.0 | 100.0 |   N/A |   N/A | 100.0 | 7650.3
       Dungeon |  31.1 |  31.1 |   N/A |   N/A |   8.0 | 1727.8
          Lair |  19.6 |  19.6 |   N/A |   N/A |  19.0 | 7506.5
        Shoals |  19.1 |  19.1 |   N/A |   N/A |  35.5 | 21055.5
     Snake Pit |   5.7 |   5.7 |   N/A |   N/A |  11.4 | 13552.5
  Orcish Mines |   9.7 |   9.7 |   N/A |   N/A |   4.3 | 5052.5
   Elven Halls |   5.3 |   5.3 |   N/A |   N/A |  11.5 | 13602.5
        Bailey |   2.1 |   2.1 |   N/A |   N/A |   0.7 | 1724.0
      Ice Cave |   6.4 |   6.4 |   N/A |   N/A |   7.6 | 18064.0
       Volcano |   1.0 |   1.0 |   N/A |   N/A |   2.0 | 4690.0
               +-------+-------+-------+-------+-------+----------------------

Table legend: (Time is in decaauts)
 A = Elapsed time spent in this place.
 B = Non-inter-level travel time spent in this place.
 C = Inter-level travel time spent in this place.
 D = Time resting spent in this place.
 E = Time spent auto-exploring this place.
 F = Levels seen in this place.
 G = Mean time per level.
                   A        B        C        D        E       F      G
               +--------+--------+--------+--------+--------+-----+--------+
         Total |  29347 |  27659 |   1688 |   2613 |  17665 |  31 |  946.7 |
       Dungeon |  10891 |  10153 |    738 |    467 |   8168 |  11 |  990.1 |
        Temple |    397 |    249 |    148 |      0 |    238 |   1 |  397.0 |
          Lair |   6040 |   5518 |    522 |    254 |   3572 |   6 | 1006.7 |
        Shoals |   5414 |   5262 |    152 |    231 |   3220 |   4 | 1353.5 |
     Snake Pit |   1345 |   1320 |     25 |    100 |    813 |   2 |  672.5 |
  Orcish Mines |   1022 |    992 |     30 |      0 |    575 |   2 |  511.0 |
   Elven Halls |   1322 |   1253 |     69 |     63 |    585 |   2 |  661.0 |
        Bailey |    405 |    405 |      0 |    200 |     60 |   1 |  405.0 |
      Ice Cave |   2228 |   2228 |      0 |   1266 |    408 |   1 | 2228.0 |
       Volcano |    278 |    278 |      0 |     32 |     24 |   1 |  278.0 |
               +--------+--------+--------+--------+--------+-----+--------+

Top non-repeatable levels by time:
   IceCv: 2228 daAuts
Shoals:2: 1614 daAuts
  Lair:6: 1545 daAuts
     D:5: 1494 daAuts
    D:11: 1404 daAuts
Shoals:4: 1314 daAuts
     D:3: 1309 daAuts
   Elf:1: 1293 daAuts
Shoals:3: 1277 daAuts
Shoals:1: 1208 daAuts
  Lair:5: 1152 daAuts
     D:1: 1142 daAuts
    D:10: 1059 daAuts
  Lair:4: 1045 daAuts
     D:4: 965 daAuts
